 Dungeon Crawl Stone Soup version 0.30-a0-743-gbfdf073431 (console) character file.

Game seed: 15483319169884051147

110356 rlgrobin the Convoker (level 16, -9/120 HPs)
             Began as a Demonspawn Summoner on Feb 6, 2023.
             Was a High Priest of Sif Muna.
             Mangled by a fenstrider witch (11 damage)
             ... on level 3 of the Lair of Beasts on Feb 8, 2023.
             The game lasted 01:41:26 (29727 turns).

rlgrobin the Convoker (Demonspawn Summoner)        Turns: 29727, Time: 01:41:27

Health: -9/120     AC: 12    Str:  9    XL:     16   Next: 7%
Magic:  0/43       EV: 17    Int: 29    God:    Sif Muna [*****.]
Gold:   2268       SH:  5    Dex: 15    Spells: 17/43 levels left

rFire   + . .      SeeInvis .    a - +3 greatsling "Punk" {acid, rCorr}
rCold   + . .      Faith    .    u - +0 buckler
rNeg    . . .      Spirit   +    y - +3 leather armour {rF+}
rPois   .          Reflect  .    (no helmet)
rElec   .          Harm     .    (no cloak)
rCorr   +          Rampage  .    w - +1 pair of gloves
Will    +....                    d - +1 pair of boots of the Haunted God {rC+}
Stlth   ++                       D - amulet of magic regeneration
HPRegen 0.40/turn                F - +6 ring of intelligence
MPRegen 0.96/turn                x - ring of magical power

@: mighty, studying Armour
A: rugged brown scales 2, powered by pain 2, magic shield, magic regeneration,
weakness stinger 2
a: Renounce Religion, Channel Magic, Forget Spell, Divine Exegesis


You were on level 3 of the Lair of Beasts.
You worshipped Sif Muna.
Sif Muna was extremely pleased with you.
You visited 4 branches of the dungeon, and saw 23 of its levels.
You also visited: Ossuary and Volcano.

You collected 2557 gold pieces.
You spent 289 gold pieces at shops.

Inventory:

Hand Weapons
 a - the +3 greatsling "Punk" (weapon) {acid, rCorr}
   (You found it on level 5 of the Dungeon)

   rCorr:     It protects you from acid and corrosion.
 B - the +6 short sword of the Stopping Augurer {flame, rF+ Str+4}
   (You found it on level 10 of the Dungeon)

   Str:       It affects your strength (+4).
   rF:        It protects you from fire.
Missiles
 G - a throwing net
Armour
 d - the +1 pair of boots of the Haunted God (worn) {rC+}
   (You acquired it on level 6 of the Dungeon)

   rC:        It protects you from cold.
 u - a +0 buckler (worn)
 w - a +1 pair of gloves (worn)
 y - a +3 leather armour of fire resistance (worn)
Jewellery
 p - a ring of poison resistance
 v - an amulet of regeneration
 x - a ring of magical power (right hand)
 A - a ring of willpower
 D - an amulet of magic regeneration (around neck)
 F - a +6 ring of intelligence (left hand)
 H - a +6 ring of strength
 M - a +4 ring of protection
Wands
 g - a wand of mindburst (14)
 l - a wand of iceblast (25)
 t - a wand of flame (61)
 I - a wand of acid (8)
Scrolls
 c - 3 scrolls of magic mapping
 h - 7 scrolls of teleportation
 o - 3 scrolls of enchant armour
 q - 5 scrolls of amnesia
 s - 3 scrolls of enchant weapon
 z - 6 scrolls of identify
 L - a scroll of fog
Potions
 b - 4 potions of magic
 e - 4 potions of mutation
 f - 10 potions of brilliance
 i - 11 potions of haste
 j - 3 potions of might
 k - 6 potions of curing
 m - 11 potions of lignification
 n - 2 potions of cancellation
 r - 4 potions of flight
 C - 2 potions of invisibility
Miscellaneous
 E - a phantom mirror


   Skills:
 - Level 7.5 Fighting
 - Level 1.0 Short Blades
 - Level 9.0 Ranged Weapons
 - Level 12.0 Dodging
 - Level 1.7 Stealth
 - Level 3.2 Shields
 + Level 14.3 Spellcasting
 + Level 16.1 Summonings
 - Level 2.2 Translocations
 - Level 1.4 Air Magic
 - Level 7.5 Invocations
 - Level 4.4 Evocations


You had 17 spell levels left.
You knew the following spells:

 Your Spells              Type           Power      Damage    Failure   Level
a - Call Canine Familiar  Summ           85%        N/A       1%          3
b - Summon Lightning Spi  Summ/Air       64%        N/A       1%          4
c - Summon Small Mammal   Summ           100%       N/A       0%          1
d - Call Imp              Summ           85%        N/A       0%          2
e - Summon Guardian Gole  Hex/Summ       61%        N/A       1%          3
f - Summon Forest         Summ/Tloc      32%        N/A       2%          5
g - Summon Horrible Thin  Summ           42%        N/A       36%         8

Your spell library contained the following spells:

 Spells                   Type           Power      Damage    Failure   Level
 Apportation              Tloc           66%        N/A       1%          1
 Shock                    Conj/Air       96%        1d9       3%          1
 Beastly Appendage        Tmut           40%        N/A       4%          1
 Foxfire                  Conj/Fire      80%        2x1d8     4%          1
 Magic Dart               Conj           80%        1d7       4%          1
 Necrotise                Necr           80%        1d8       4%          1
 Sandblast                Erth           40%        2d10      4%          1
 Sting                    Tmut/Pois      80%        1d7       4%          1
 Momentum Strike          Conj/Tloc      54%        3d9       4%          2
 Poisonous Vapours        Pois/Air       48%        N/A       4%          2
 Static Discharge         Conj/Air       48%        2-4/arc   4%          2
 Summon Hydra             Summ           42%        N/A       4%          7
 Cigotuvi's Dreadful Rot  Necr/Pois/Air  46%        N/A       5%          2
 Vhi's Electric Charge    Tloc/Air       62%        N/A       6%          3
 Passwall                 Tmut/Erth      16%        N/A       7%          2
 Searing Ray              Conj           40%        2d5       7%          2
 Sublimation of Blood     Necr           20%        N/A       7%          2
 Wereblood                Tmut           20%        N/A       7%          2
 Swiftness                Air            29%        N/A       8%          3
 Kindle Blastsparks       Fire/Tloc/Air  54%        2d14      9%          3
 Portal Projectile        Hex/Tloc       54%        N/A       9%          3
 Mephitic Cloud           Conj/Pois/Air  23%        N/A       11%         3
 Dazzling Flash           Conj/Hex       40%        N/A       13%         3
 Ignite Poison            Fire/Tmut/Pois 20%        N/A       13%         3
 Spider Form              Tmut/Pois      20%        N/A       13%         3
 Stone Arrow              Conj/Erth      40%        3d9       13%         3
 Airstrike                Air            14%        2d(3-19)  24%         4
 Iskenderun's Mystic Bla  Conj/Tloc      27%        2d7       28%         4
 Animate Dead             Necr           20%        N/A       41%         4
 Fulminant Prism          Conj/Hex       10%        3d8       41%         4
 Leda's Liquefaction      Hex/Erth       10%        N/A       41%         4
 Olgreb's Toxic Radiance  Pois           20%        N/A       41%         4
 Petrify                  Tmut/Erth      20%        N/A       41%         4
 Arcjolt                  Conj/Air       12%        1d22      67%         5
 Lightning Bolt           Conj/Air       12%        1d25      67%         5
 Silence                  Hex/Air        12%        N/A       67%         5
 Freezing Cloud           Conj/Ice/Air   11%        6-21      71%         5
 Blade Hands              Tmut           10%        N/A       77%         5
 Fireball                 Conj/Fire      10%        3d6       77%         5
 Irradiate                Conj/Tmut      10%        3d15      77%         5
 Lee's Rapid Deconstruct  Erth           10%        3d8*      77%         5
 Metabolic Englaciation   Hex/Ice        10%        N/A       77%         5
 Spellforged Servitor     Conj/Summ      30%        N/A       80%         7
 Conjure Ball Lightning   Conj/Air       12%        3x3d6     99%         6
 Death Channel            Necr           10%        N/A       100%        6
 Starburst                Conj/Fire      10%        6d5       100%        6
 Dragon Form              Tmut           10%        N/A       100%        7
 Orb of Destruction       Conj           10%        9d6       100%        7
 Discord                  Hex            10%        N/A       100%        8
 Disjunction              Tloc           16%        N/A       100%        8
 Maxwell's Capacitive Co  Air            14%        ∞         100%        8


Dungeon Overview and Level Annotations

Branches:
Dungeon (15/15)            Temple (0/1) D:6            Lair (5/5) D:10
  Swamp (1/4) Lair:3        Snake (0/4) Lair:2        Slime (0/5) Lair:5
    Orc (2/2) D:10            Elf (0/3) Orc:2        Vaults (0/5) D:13
 Depths (0/4) D:15        Ossuary (visited)         Volcano (visited)

Altars:
Ashenzari
Cheibriados
Dithmenos
Gozag
Kikubaaqudgha
Makhleb
Qazlal
Sif Muna
Trog
Wu Jian
Xom
Yredelemnul
Jiyva

Shops:
D:4 *   D:10 *   D:14 [   Orc:2 =[*(

Portals:
Hell: Lair:5

Annotations:
D:9 3 runed translucent doors, MCDelver's ghost, journeyman OpFE
D:11 2 transporters
D:15 exclusion: obsidian statue
Lair:2 2 transporters
Lair:3 1 runed translucent door, MCDelver's ghost, journeyman OpFE


Innate Abilities, Weirdness & Mutations

You are mostly covered in rugged brown scales. (AC +2, +5% HP)
You sometimes gain power by taking damage.
When hurt, damage is shared between your health and your magic reserves.
You regenerate magic rapidly.
You have a tail ending in a sharp stinger.


Message History

The fenstrider witch attacks as you move away!
The fenstrider witch hits you.
* * * LOW HITPOINT WARNING * * *
The fenstrider witch kicks you but does no damage.
A swamp worm comes into view.
The spriggan rider hits you from afar with a +0 spear!
* * * LOW HITPOINT WARNING * * *
There is a staircase back to the Lair, spattered with blood here.
Tree limbs sway around you.
You are hit by a branch!
* * * LOW HITPOINT WARNING * * *
The swamp worm bites you.
* * * LOW HITPOINT WARNING * * *
The fenstrider witch hits you!
* * * LOW HITPOINT WARNING * * *
The fenstrider witch kicks you.
* * * LOW HITPOINT WARNING * * *
You block the spriggan rider's attack. The swamp worm barely misses you.
You climb upwards.
Welcome back to the Lair of Beasts!
Level annotation: 1 runed translucent door, MCDelver's ghost, journeyman OpFE
There is a staircase to the Swamp here.
You feel much better. The fenstrider witch hits you!!
* * * LOW HITPOINT WARNING * * *
The fenstrider witch kicks you.
* * * LOW HITPOINT WARNING * * *
The swamp worm bites you!
* * * LOW HITPOINT WARNING * * *
The fenstrider witch hits you but does no damage.
The fenstrider witch kicks you.
* * * LOW HITPOINT WARNING * * *
Okay, then.
Aiming: Charm
Press: ? - help, Shift-Dir - straight line, f - swamp worm
Aim: a swamp worm (thin mist, chance to affect: 68%)
The swamp worm struggles to resist.
The now-empty wand crumbles to dust.
The swamp worm bites you but does no damage.
The fenstrider witch hits you!
* * * LOW HITPOINT WARNING * * *
The fenstrider witch kicks you!
You die...

.P####.P#..............##
......................##
....................###
.#P.....#...........#P##
.........#.#...........##
...............§.§.....P#
..............§§§§§.....#
..............§w§§§...>.#
.........P.#...§@§§....##
...........#....H.#...#.#
.......................##
.......................#
......................##
.<....................#
..........#.#.#.#.P#.##
P....#.#.##....#######
..............##


You could see a fenstrider witch and a swamp worm.

Vanquished Creatures
  Kirke (D:15)
  A dire elephant (Lair:5)
  Snorg (Lair:4)
  Josephine (D:15)
  6 hydras
  5 centaur warriors
  3 two-headed ogres
  A catoblepas (D:14)
  An ogre mage (D:13)
  3 boulder beetles
  4 death yaks
  3 orc high priests (Orc:2)
  A titan skeleton (D:15)
  A skeletal warrior (D:15)
  3 orc knights
  7 deep elf pyromancers
  A deep elf zephyrmancer (D:13)
  2 orc sorcerers
  2 ugly things (D:14)
  A cyclops (Orc:2)
  4 manticores
  2 elephants (Lair:5)
  An orange demon (Lair:5)
  A gargoyle (D:12)
  A cane toad (Lair:5)
  A komodo dragon (Lair:4)
  A queen bee (shapeshifter) (D:13)
  A hornet (D:10)
  A red devil (Lair:5)
  2 trolls (Orc:2)
  2 blink frogs
  2 dream sheep
  A wraith (D:15)
  A slime creature (D:15)
  A human (shapeshifter) (D:13)
  A hog (D:15)
  A human (Lair:5)
  A basilisk (Lair:3)
  2 nameless horrors
  A wyvern (Lair:5)
  3 fire elementals
  14 yaks
  3 wargs
  A vampire mosquito (D:14)
  4 hell hounds
  4 water moccasins
  9 orc warriors
  5 ogres
  2 wolves (Lair:5)
  7 centaurs
  2 bullfrogs
  2 kobold brigands (D:13)
  A necrophage (D:7)
  A gnoll sergeant (D:11)
  A scorpion (D:4)
  2 killer bees (D:7)
  An electric eel (Lair:4)
  5 howler monkeys
  A hound (D:5)
  8 orc priests
  3 orc wizards
  An ogre zombie (D:10)
  A mummy (Ossuary)
  An adder (D:6)
  3 gnolls
  2 ufetubi
  An adder zombie (Ossuary)
  A worm (D:3)
  A dart slug (D:3)
  28 orcs
  A ball python (D:4)
  A goblin (D:4)
  A jackal (D:3)
  5 kobolds
  A quokka (D:1)
  A goblin zombie (D:10)
  2 orc zombies
206 creatures vanquished.

Vanquished Creatures (collateral kills)
  An orc warlord (Orc:2)
  Azrael (Orc:2)
  An ettin (Orc:2)
  Fannar (Lair:1)
  Erolcha (D:13)
  5 hydras
  A catoblepas (D:14)
  An ogre mage (D:15)
  3 two-headed ogres
  A centaur warrior (D:14)
  2 boulder beetles
  A tengu warrior (D:14)
  A vampire mage (D:15)
  11 death yaks
  An orc high priest (Orc:2)
  A sixfirhy (Lair:5)
  2 skeletal warriors
  A swamp dragon (Swamp:1)
  A sphinx zombie (D:15)
  A wizard (Lair:5)
  An orc knight (Orc:2)
  2 deep elf archers
  16 ugly things
  A necromancer (D:15)
  5 deep elf pyromancers
  2 orc sorcerers (Orc:2)
  A stone giant zombie (D:15)
  3 cyclopes
  7 elephants (Lair:5)
  4 manticores
  A black mamba (Lair:3)
  A smoke demon (Lair:5)
  7 cane toads
  2 rime drakes (Lair:5)
  2 unseen horrors
  A kobold demonologist (D:13)
  10 komodo dragons
  4 ice devils (Lair:5)
  A freezing wraith (D:13)
  An efreet (D:13)
  3 meliai (D:14)
  3 trolls
  2 blink frogs (Lair:5)
  A polar bear (Lair:4)
  3 hornets (Swamp:1)
  Prince Ribbit (D:8)
  A spriggan zombie (D:15)
  10 dream sheep (Lair:5)
  4 slime creatures (D:15)
  3 spriggans (Swamp:1)
  Sigmund (D:6)
  5 wraiths
  45 yaks
  3 shadows (D:10)
  A steam dragon (D:7)
  3 wyverns
  3 fire elementals
  A hog (Lair:1)
  A basilisk (Lair:5)
  Edmund (D:6)
  5 vampire mosquitoes
  A two-headed ogre zombie (D:10)
  3 nagas (Lair:2)
  3 wargs
  A swamp worm (Lair:3)
  9 water moccasins
  5 hell hounds
  27 orc warriors
  An ice beast (D:6)
  A black bear (D:4)
  6 ogres
  7 wolves
  4 centaurs
  A phantom (D:4)
  14 bullfrogs
  5 kobold brigands
  2 gnoll sergeants
  4 necrophages (Lair:3)
  2 scorpions
  A wight (D:10)
  2 water moccasin zombies (Ossuary)
  2 troll zombies (D:10)
  5 killer bees
  A nameless horror (D:9)
  5 howler monkeys
  2 hounds (D:5)
  2 jellies
  12 orc priests
  2 gnoll boudas
  3 iguanas
  19 orc wizards
  4 ogre zombies (D:10)
  A mummy (Ossuary)
  17 gnolls
  3 adders
  A shadow imp (D:15)
  3 white imps
  4 adder zombies (Ossuary)
  A worm (D:2)
  A dart slug (D:4)
  48 orcs
  A bat (D:1)
  4 endoplasms (D:2)
  A giant cockroach (D:4)
  4 gnoll zombies (Ossuary)
  3 goblins (D:1)
  3 hobgoblins
  4 jackals
  8 kobolds
  8 quokkas
  6 ball pythons
  2 frilled lizards
  A goblin skeleton (D:10)
  2 goblin zombies (D:10)
  10 hobgoblin zombies
  A kobold zombie (Ossuary)
  3 orc skeletons (D:10)
  16 orc zombies
  5 rats
527 creatures vanquished.

Vanquished Creatures (others)
  3 humans
  A bush (Lair:5)
  56 fungi
  47 plants
  3 snaplasher vines
110 creatures vanquished.

Grand Total: 843 creatures vanquished

Notes
Turn   | Place    | Note
-------+----------+-------------------------------------------
     0 | D:1      | rlgrobin the Demonspawn Summoner began the quest for the
                  | Orb.
     0 | D:1      | Reached XP level 1. HP: 13/13 MP: 3/3
   312 | D:1      | Gained mutation: You sometimes gain a little power by
                  | taking damage. [demonic ancestry]
   312 | D:1      | Reached XP level 2. HP: 19/19 MP: 5/5
   408 | D:1      | Learned a level 2 spell: Call Imp
  1072 | D:2      | Reached XP level 3. HP: 24/24 MP: 7/7
  1528 | D:2      | Learned a level 3 spell: Call Canine Familiar
  1897 | D:3      | Identified the +0 scale mail of the Dolphin {Str+4 Dex-4}
  1932 | D:3      | Reached skill level 5 in Summonings
  1932 | D:3      | Gained mutation: You have a small tail. [demonic ancestry]
  1932 | D:3      | Reached XP level 4. HP: 9/30 MP: 8/8
  2552 | D:3      | Reached XP level 5. HP: 35/35 MP: 5/10
  2612 | D:3      | Found a snail-covered altar of Cheibriados.
  2710 | D:4      | Noticed a black bear
  2745 | D:4      | Killed a black bear
  2746 | D:4      | Reached XP level 6. HP: 8/41 MP: 7/12
  3013 | D:4      | Reached skill level 6 in Summonings
  3196 | D:4      | Found a broken altar of Ashenzari.
  3196 | D:4      | Found a stormy altar of Qazlal.
  3282 | D:4      | Reached skill level 5 in Spellcasting
  3341 | D:4      | Found Zin's Purification Station.
  3358 | D:4      | Gained mutation: You are partially covered in rugged brown
                  | scales. (AC +1, +3% HP) [demonic ancestry]
  3358 | D:4      | Reached XP level 7. HP: 41/47 MP: 10/14
  3766 | D:4      | Found a burning altar of Makhleb.
  3779 | D:4      | Found a bloodstained altar of Trog.
  3804 | D:4      | Reached skill level 7 in Summonings
  3933 | D:4      | Found a shimmering blue altar of Sif Muna.
  3948 | D:4      | Got Sif Muna's Excursus on Austromancy
  3950 | D:4      | Became a worshipper of Sif Muna the Loreminder
  4098 | D:5      | Entered Level 5 of the Dungeon
  4098 | D:5      | Found the +3 greatsling "Punk" {acid, rCorr}
  4620 | D:5      | Found a shadowy altar of Dithmenos.
  4838 | D:6      | Found a sand-covered staircase.
  4863 | D:6      | Reached XP level 8. HP: 53/53 MP: 13/17
  4881 | Ossuary  | Entered an ossuary
  4967 | Ossuary  | Reached * piety under Sif Muna
  5030 | Ossuary  | Reached skill level 8 in Summonings
  5316 | D:6      | Identified a scroll of acquirement
  5316 | D:6      | Acquired the +1 pair of boots of the Haunted God {rC+}
  5323 | D:6      | Found a basalt altar of Yredelemnul.
  5458 | D:6      | Found a staircase to the Ecumenical Temple.
  5767 | D:6      | Noticed Edmund
  5769 | D:6      | Noticed Sigmund
  5780 | D:6      | Killed Sigmund
  5781 | D:6      | Reached skill level 9 in Summonings
  5796 | D:6      | Killed Edmund
  6188 | D:6      | Learned a level 4 spell: Summon Lightning Spire
  6282 | D:7      | Gained mutation: You regenerate magic rapidly. [demonic
                  | ancestry]
  6282 | D:7      | Reached XP level 9. HP: 58/58 MP: 12/20
  6285 | D:7      | Reached skill level 1 in Air Magic
  6293 | D:7      | Noticed a manticore
  6561 | D:7      | Reached ** piety under Sif Muna
  6915 | D:7      | You fall into a shaft and drop 2 floors!
  7071 | D:9      | Reached skill level 10 in Summonings
  7398 | D:9      | Reached skill level 1 in Invocations
  7668 | D:9      | Found a runed translucent gate.
  7668 | D:9      | Found a runed translucent gate.
  7668 | D:9      | Found a runed translucent gate.
  7669 | D:9      | Noticed a kobold demonologist
  7669 | D:9      | Noticed MCDelver's ghost (journeyman OpFE)
  7669 | D:9      | Noticed a kobold demonologist
  7670 | D:9      | Identified the +5 ring mail "Winastra" {rPois Will+ Dex-5}
  7780 | D:9      | Gained mutation: You sometimes gain power by taking damage.
                  | [demonic ancestry]
  7780 | D:9      | Reached XP level 10. HP: 64/64 MP: 23/23
  8184 | D:8      | Found an opulent altar of Gozag.
  8238 | D:8      | Noticed Prince Ribbit
  8246 | D:8      | Killed Prince Ribbit
  8247 | D:8      | Reached skill level 10 in Spellcasting
  8621 | D:8      | Noticed a two-headed ogre
  8641 | D:8      | Killed a two-headed ogre
  8793 | D:8      | Found an ancient bone altar of Kikubaaqudgha.
  9102 | D:7      | Killed a manticore
  9436 | D:10     | Entered Level 10 of the Dungeon
  9647 | D:10     | Found a staircase to the Lair.
  9650 | D:10     | Reached *** piety under Sif Muna
  9679 | D:10     | Found a shimmering altar of Xom.
  9727 | D:10     | Found an ornate altar of the Wu Jian Council.
  9918 | D:10     | Found a staircase to the Orcish Mines.
  9946 | D:10     | Noticed a two-headed ogre
  9971 | D:10     | Killed a two-headed ogre
  9972 | D:10     | Reached skill level 1 in Fighting
  9972 | D:10     | Reached XP level 11. HP: 74/74 MP: 26/26
 10137 | D:10     | Reached **** piety under Sif Muna
 10237 | D:10     | Reached skill level 5 in Dodging
 10410 | D:10     | Noticed a skeletal warrior
 10410 | D:10     | Noticed a centaur warrior
 10465 | D:10     | Noticed a five-headed hydra
 10467 | D:10     | HP: 2/77 [five-headed hydra (3)]
 10907 | D:10     | Killed a skeletal warrior
 11100 | D:10     | Reached skill level 1 in Ranged Weapons
 11186 | D:10     | Found Gyw Qauv's Assorted Antiques.
 11262 | D:10     | Killed a centaur warrior
 11468 | D:10     | Bought a scroll labelled KAQINN QIFIA for 23 gold pieces
 11468 | D:10     | Bought a scroll labelled RAOPYLU ASTID for 23 gold pieces
 11516 | D:10     | Noticed an eight-headed hydra
 11632 | D:10     | Noticed a boulder beetle
 11662 | D:10     | Killed an eight-headed hydra
 11662 | D:10     | Killed a boulder beetle
 11663 | D:10     | Reached skill level 11 in Summonings
 11785 | D:10     | Killed a five-headed hydra
 11849 | D:10     | Noticed a brown ugly thing
 11862 | D:10     | Killed a brown ugly thing
 11879 | D:10     | Identified the +6 short sword of the Stopping Augurer
                  | {flame, rF+ Str+4}
 12040 | D:10     | Learned a level 3 spell: Summon Guardian Golem
 12100 | Lair:1   | Entered Level 1 of the Lair of Beasts
 12321 | Lair:1   | Noticed Fannar
 12339 | Lair:1   | Killed Fannar
 12557 | Lair:1   | Noticed Sonja
 12562 | Lair:1   | Sonja changed into Sonja the hog
 12562 | Lair:1   | Noticed Sonja
 12566 | Lair:1   | Killed Sonja the hog
 12594 | Lair:1   | Reached XP level 12. HP: 81/85 MP: 27/27
 12595 | Lair:1   | Reached skill level 1 in Short Blades
 13002 | Lair:2   | Found a staircase to the Snake Pit.
 13123 | Lair:2   | Found a transporter.
 13419 | Lair:2   | Reached ***** piety under Sif Muna
 13608 | Lair:2   | Found a transporter.
 13971 | Lair:3   | Found a staircase to the Swamp.
 14132 | Lair:3   | Received a gift from Sif Muna
 14133 | Lair:3   | Reached skill level 12 in Summonings
 14133 | Lair:3   | Got Sif Muna's Catalogue of Unholy Conjuration {god gift}
 14681 | Lair:3   | Found a runed translucent door.
 14681 | Lair:3   | Noticed a boulder beetle
 14714 | Lair:3   | Killed a boulder beetle
 14800 | Lair:3   | Noticed MCDelver's ghost (journeyman OpFE)
 14801 | Lair:3   | Identified the +6 trident of the Revolution {protect, Int+3
                  | Dex+5 SInv}
 14981 | Lair:3   | Identified the amulet "Qaowk" {*Slow rC+ Regen+ Str+5
                  | Stlth+}
 15075 | Lair:4   | Found a dark tunnel.
 15079 | Lair:4   | Noticed Snorg
 15098 | Lair:4   | Killed Snorg
 15111 | Volcano  | Entered a volcano
 15226 | Volcano  | Reached skill level 13 in Summonings
 15574 | Volcano  | Gained mutation: You are mostly covered in rugged brown
                  | scales. (AC +2, +5% HP) [demonic ancestry]
 15574 | Volcano  | Reached XP level 13. HP: 77/92 MP: 29/29
 15800 | Lair:4   | Reached skill level 5 in Ranged Weapons
 16347 | Lair:5   | Entered Level 5 of the Lair of Beasts
 16350 | Lair:5   | Noticed Nessos
 16430 | Lair:5   | Nessos changed into Nessos the human
 16430 | Lair:5   | Noticed Nessos
 16635 | Lair:5   | Killed Nessos the human
 17585 | Lair:5   | Reached skill level 10 in Dodging
 17778 | Lair:5   | Reached skill level 5 in Invocations
 17801 | Lair:5   | Gained mutation: You have a tail ending in a sharp stinger.
                  | [demonic ancestry]
 17801 | Lair:5   | Reached XP level 14. HP: 99/99 MP: 30/30
 17914 | Lair:5   | Received a gift from Sif Muna
 17915 | Lair:5   | Got Letexit's Almanac of Cooperative Spectres {god gift}
 17953 | Lair:5   | Reached skill level 5 in Fighting
 18289 | Lair:5   | Found a burning altar of Makhleb.
 18877 | Lair:5   | Found a viscous altar of Jiyva.
 18877 | Lair:5   | Found a staircase to the Slime Pits.
 19081 | Lair:5   | Found a gateway to Hell.
 19451 | D:11     | Found a transporter.
 19659 | D:11     | Found a transporter.
 20825 | D:12     | Received a gift from Sif Muna
 20835 | D:12     | Got Sif Muna's Guide on Alluring Nonlocality {god gift}
 20868 | D:12     | Learned a level 5 spell: Summon Forest
 21405 | D:13     | Reached skill level 1 in Translocations
 21979 | D:13     | Reached skill level 14 in Summonings
 22337 | D:13     | Found a gate to the Vaults.
 22476 | D:13     | Noticed Erolcha
 22499 | D:13     | Killed Erolcha
 23024 | D:14     | Gained mutation: When hurt, damage is shared between your
                  | health and your magic reserves. [demonic ancestry]
 23024 | D:14     | Reached XP level 15. HP: 113/113 MP: 31/31
 23550 | D:14     | Identified the +2 ring mail of Rarhohorph {+Blink Int+2}
 23854 | D:14     | Reached skill level 15 in Summonings
 24077 | D:14     | Found Egara's Dragon-Slaying Spoils.
 24772 | Orc:1    | Entered Level 1 of the Orcish Mines
 24941 | Orc:1    | Received a gift from Sif Muna
 25269 | Orc:2    | Entered Level 2 of the Orcish Mines
 25269 | Orc:2    | Found Mot Kat's Antique Armour Shoppe.
 25272 | Orc:2    | Noticed Azrael
 25421 | Orc:2    | Received a gift from Sif Muna
 25428 | Orc:2    | Paralysed by an orc sorcerer for 3 turns
 25451 | Orc:2    | Paralysed by an orc sorcerer for 3 turns
 26153 | Orc:2    | Found Gyxtui Hieb's General Store.
 26191 | Orc:2    | Bought a potion of heal wounds for 90 gold pieces
 26191 | Orc:2    | Bought a potion of degeneration for 18 gold pieces
 26246 | Orc:2    | Found Walufukhlor's Jewellery Shop.
 26312 | Orc:2    | Killed Azrael
 26542 | Orc:2    | Bought a pair of runed gloves for 135 gold pieces
 26555 | Orc:2    | Found Syasaf's Antique Weapon Shop.
 26709 | Orc:2    | Found a staircase to the Elven Halls.
 26911 | D:15     | Entered Level 15 of the Dungeon
 26955 | D:15     | Noticed Kirke
 27584 | D:15     | Killed Kirke
 27674 | D:15     | Found a staircase to the Depths.
 27815 | D:15     | Noticed Josephine
 27830 | D:15     | Received a gift from Sif Muna
 27831 | D:15     | Killed Josephine
 27832 | D:15     | Got Kigakk's Catalogue of Changed Astrapomancy {god gift}
 28135 | D:15     | Found a shimmering altar of Xom.
 28237 | D:15     | Reached skill level 16 in Summonings
 28237 | D:15     | Reached XP level 16. HP: 120/120 MP: 34/34
 29034 | D:15     | Learned a level 8 spell: Summon Horrible Things
 29278 | Swamp:1  | Entered Level 1 of the Swamp
 29724 | Swamp:1  | HP: 4/120 [fenstrider witch (4)]
 29727 | Lair:3   | Mangled by a fenstrider witch

Illustrated notes

Levels and vault maps discovered:
D:1:      roderic_octagonal_star, layout_basic
D:2:      layout_rooms
D:3:      layout_loops_ring, nicolae_tso_swordbearing_angel, slow_altar_2
D:4:      layout_cave_pools, nzn_overflow_gifts_of_might_and_magic,
          mainiacjoe_overflow_large_starburst, mainiacjoe_overflow_alcove_4,
          zin_purify, serial_column_ruins, column_ruins_columns_straight,
          column_ruins_corridor_straight, column_ruins_open_tiny,
          column_ruins_open_tiny, column_ruins_corridor_corner,
          column_ruins_open_small, column_ruins_grid_1, minmay_small_thing
D:5:      layout_rooms, nicolae_dithmenos_shadow_blocks
D:6:      layout_basic, mainiacjoe_overflow_tiny_flanked,
          minmay_temple_entry_nine_rooms, chequers_ossuary_entry_cave,
          sigmund_edmund_badplayer
D:7:      layout_loops_ring
D:8:      layout_cave_pods, nicolae_gozag_seed_capital, tgw_kikubaaqudgha,
          serial_bayou_pond_e, minmay_hedge_maze,
          hangedman_decor_diamond_cutter, minmay_circle_x, uniq_prince_ribbit1
D:9:      layout_basic, gammafunk_ghost_nasty_kobolds,
          kennysheep_generic_room_12
D:10:     minmay_the_grid_3x2 [minmay_the_grid_slots,
          minmay_the_grid_broken_lines, minmay_the_grid_spikes,
          minmay_the_grid_holed_spiral, minmay_the_grid_all_tris,
          minmay_the_grid_prize_shrinking_boxes], layout_loops_corners,
          mainiacjoe_overflow_six_doors_small, overflow_temple_1_default,
          erik_lair_orcish_takeover, zombieorc2_lemuel, kennysheep_small_circle
D:11:     gammafunk_the_bubble [the_bubble_gammafunk_plus_minus],
          layout_cave_pods
D:12:     layout_loops_ring
D:13:     layout_roguey, hangedman_vaults_entry_quadrant_bands, minmay_bent,
          uniq_erolcha
D:14:     layout_stronghold, chequers_avenue, nicolae_shop_dragon_depot,
          hangedman_decor_riveting
D:15:     gammafunk_depths_entry_grave, layout_basic, xom_teletrap_fun,
          hangedman_devilish_allure, uniq_josephine, uniq_kirke
Lair:1:   layout_loops_ring, lemuel_fruit_tree, uniq_fannar, uniq_sonja
Lair:2:   gammafunk_cloud_chamber, layout_regular_city,
          minmay_snake_entry_guardpost_small, grunt_megastairs_2
Lair:3:   layout_gridlike, swamp_mist, ebering_ghost_funeral_grove,
          roderic_carrion_pond
Lair:4:   layout_roguey, enter_volcano_2, infiniplex_staircase_pool, uniq_snorg
Lair:5:   evil_forest, layout_long_grid, dpeg_slime_entry_enclosed, uniq_nessos
Swamp:1:  layout_basic_swamp, nicolae_swamp_triple_paths
Orc:1:    layout_caves, basic_altar
Orc:2:    grunt_orc_gardens, layout_caves, grunt_orc_garden, grunt_orc_garden,
          grunt_orc_garden, grunt_orc_garden, kennysheep_orc_chapel, uniq_azrael

Skill      XL: |  1  2  3  4  5  6  7  8  9 10 11 12 13 14 15 |
---------------+----------------------------------------------+-----
Spellcasting   | 3 4 5 6 7 9 11 12 14 | 14.3
Summonings     | 5 6 7 9 10 11 13 14 16 | 16.1
Air Magic      | 1 |  1.4
Invocations    | 2 4 5 7 |  7.5
Shields        | 3 |  3.2
Dodging        | 4 5 8 10 12 | 12.0
Fighting       | 1 4 7 |  7.5
Ranged Weapons | 3 4 9 |  9.0
Evocations     | 4 |  4.4
Short Blades   | 1 |  1.0
Translocations | 2 |  2.2
Stealth        | |  1.7

Action                     |  1- 3 |  4- 6 |  7- 9 | 10-12 | 13-15 | 16-18 || total
---------------------------+-------+-------+-------+-------+-------+-------++-------
  Melee: Unarmed           |     5 |       |       |       |       |       ||     5
         Dagger            |    16 |       |       |       |       |       ||    16
         Quarterstaff      |    12 |    11 |    11 |       |       |       ||    34
         Tailslap          |       |     2 |     1 |       |       |       ||     3
   Fire: Greatsling        |       |       |    96 |   117 |   674 |    16 ||   903
   Cast: Summon Small Mamm |    21 |       |       |       |       |       ||    21
         Call Imp          |    17 |    24 |    24 |    10 |     6 |     1 ||    82
         Call Canine Famil |       |     8 |    38 |    74 |   114 |     6 ||   240
         Summon Lightning  |       |       |     2 |    66 |   139 |     7 ||   214
         Summon Guardian G |       |       |       |       |     2 |       ||     2
         Summon Forest     |       |       |       |       |    14 |     2 ||    16
  Evoke: Wand              |       |       |     1 |    19 |    19 |     1 ||    40
         Phantom mirror    |       |       |       |     1 |     2 |       ||     3
    Use: Scroll            |       |       |    22 |     6 |     7 |     1 ||    36
         Potion            |       |       |     3 |     4 |     3 |     2 ||    12
   Stab: Distracted        |       |     2 |       |       |       |       ||     2
 Armour: Robe              |     6 |     2 |    17 |     4 |       |       ||    29
         Leather armour    |       |       |       |    19 |   116 |    13 ||   148
  Dodge: Dodged            |    38 |    15 |    50 |    76 |   276 |    19 ||   474
  Block: Buckler           |       |       |       |    26 |    82 |     6 ||   114

Table legend: (Time is in decaauts)
 A = Elapsed time spent in this place.
 B = Non-inter-level travel time spent in this place.
 C = Inter-level travel time spent in this place.
 D = Time resting spent in this place.
 E = Time spent auto-exploring this place.
 F = Levels seen in this place.
 G = Mean time per level.
                   A        B        C        D        E       F      G
               +--------+--------+--------+--------+--------+-----+--------+
         Total |  29885 |  28247 |   1638 |   7573 |  14473 |  25 | 1195.4 |
       Dungeon |  19862 |  18744 |   1118 |   4491 |  10445 |  15 | 1324.1 |
          Lair |   7077 |   6680 |    397 |   2004 |   3208 |   5 | 1415.4 |
         Swamp |     38 |     38 |      0 |      0 |      0 |   1 |   38.0 |
  Orcish Mines |   2025 |   1903 |    122 |    676 |    752 |   2 | 1012.5 |
       Ossuary |    279 |    279 |      0 |     34 |     59 |   1 |  279.0 |
       Volcano |    600 |    600 |      0 |    368 |      9 |   1 |  600.0 |
               +--------+--------+--------+--------+--------+-----+--------+

Top non-repeatable levels by time:
    D:10: 2833 daAuts
  Lair:5: 2470 daAuts
    D:15: 2015 daAuts
    D:14: 1889 daAuts
  Lair:3: 1571 daAuts
     D:4: 1422 daAuts
    D:13: 1415 daAuts
     D:9: 1329 daAuts
     D:6: 1272 daAuts
    D:12: 1265 daAuts
    D:11: 1225 daAuts
  Lair:4: 1145 daAuts
     D:3: 1076 daAuts
   Orc:1: 1028 daAuts
   Orc:2: 997 daAuts
